 Dungeon Crawl Stone Soup version 0.19.5 (webtiles) character file.

112 miragecloak the Changer (level 4, -5/28 HPs)
             Began as an Octopode Transmuter on May 4, 2017.
             Slain by Natasha (12 damage)
             ... on level 2 of the Dungeon.
             The game lasted 00:01:22 (1403 turns).

miragecloak the Changer (Octopode Transmuter)       Turns: 1403, Time: 00:01:23

Health: -5/28      AC: -3    Str:  9    XL:     4   Next: 93%
Magic:  5/7        EV: 20    Int: 19    God:
Gold:   85         SH:  0    Dex: 18    Spells: 2 memorised, 3 levels left

rFire  . . .     SeeInvis .       - Unarmed
rCold  . . .     Gourm    .     (shield currently unavailable)
rNeg   . . .     Faith    .     (helmet currently unavailable)
rPois  x         Spirit   .     e - amulet of rage
rElec  .         Reflect  .     j - +4 ring of intelligence
rCorr  .         Harm     .     q - -5 ring of protection (curse)
MR     .....                    (no ring)
Stlth  ++........               (no ring)
                                (no ring)
                                (no ring)
                                (no ring)
                                (no ring)

@: spider-form, slowed, very slow
A: almost no armour, stealthy swim, (amphibious), 8 rings, (constrict 8),
(camouflage 0), (gelatinous body 0)
a: End Transformation, Evoke Berserk Rage


You were on level 2 of the Dungeon.
You were hungry.
You were a venomous arachnid creature.
You visited 1 branch of the dungeon, and saw 2 of its levels.

You collected 85 gold pieces.

Inventory:

Missiles
 a - 12 arrows
Jewellery
 e - an amulet of rage (around neck)
 j - a +4 ring of intelligence (left front leg)
 q - a cursed -5 ring of protection (right front leg)
 r - an uncursed ring of poison resistance {unknown}
Scrolls
 f - 2 scrolls of immolation {unknown}
 g - a scroll of remove curse {unknown}
 h - 2 scrolls of random uselessness {unknown}
 n - a scroll of identify {unknown}
 o - a scroll of magic mapping {unknown}
 p - a scroll of blinking {unknown}
Potions
 d - a potion of cancellation {unknown}
 k - a potion of berserk rage {unknown}
Books
 b - a book of Changes

   Spells                             Type                      Level
   a - Beastly Appendage              Transmutation                1
   b - Sticks to Snakes               Transmutation                2
   c - Spider Form                    Transmutation/Poison         3
   d - Ice Form                       Ice/Transmutation            4
   e - Blade Hands                    Transmutation                5
Comestibles
 c - 5 bread rations
 i - 2 meat rations
 l - a beef jerky
 m - 5 fruits


   Skills:
 - Level 1.0 Fighting
 - Level 2.0 Dodging
 - Level 3.0 Unarmed Combat
 - Level 2.0 Spellcasting
 - Level 4.0 Transmutations
 + Level 3.1 Poison Magic


You had 3 spell levels left.
You knew the following spells:

 Your Spells              Type           Power        Failure   Level  Hunger
a - Beastly Appendage     Tmut           ###...       12%         1    #......
b - Spider Form           Tmut/Pois      ###.......   28%         3    ###....


Dungeon Overview and Level Annotations

Branches:
Dungeon (2/15)

Altars:

Annotations:
D:2 Natasha


Innate Abilities, Weirdness & Mutations

You cannot wear most types of armour.
You are very stealthy in the water. (Stealth+)
((You are amphibious.))
You can wear up to eight rings at the same time.
((You can use your tentacles to constrict eight enemies at once.))
((Your skin changes colour to match your surroundings (Stealth+).))
((Your rubbery body absorbs attacks. (AC +1, EV +1)))


Message History

Natasha casts a spell at you.
You feel yourself slow down.
An ooze comes into view.
Natasha wildly gestures.
Natasha's front paws start to glow.
Natasha stares at you and mumbles some strange words.
The magic dart hits you!
* * * LOW HITPOINT WARNING * * *
Found a stone staircase leading down.
Found 12 stones.
Found a scroll labeled QOBOFE QORRY.
Natasha howls an incantation.
Natasha shimmers violently.
There is a stone staircase leading up here.
You hit Natasha but do no damage. Natasha closely misses you.
Natasha drinks a potion.
Natasha seems to grow stronger.
You hit Natasha.
Natasha is poisoned.
Natasha is moderately wounded.
Natasha claws you!
You die...

...... .......>.... .
#########...#(...# .
............#....# .#
##########..#....# #.#
...#.............#... .#
..##.#......##...#.#..?#
..#..#.#...#.#..........
.............#..h#.#...#
..#...<#.#.#.#..s#.....#
..........##.#...#...#.# .##
.........h.......#...... ..#
........#.####...#...#.##..#
#.#####(#....#...#...#..#..#
#......(...#.........#..#..#
######..##...)...#......#..#
# ##..######....#.##..#..# #
#.....#..#.............#


You could see Natasha.

Vanquished Creatures
  Jessica (D:2)
  Natasha (D:2)
  Terence (D:2)
  A dart slug (D:2)
  4 giant cockroaches
  5 goblins
  5 hobgoblins
  2 bats (D:1)
  3 frilled lizards
  7 kobolds
  7 rats
37 creatures vanquished.

Notes
Turn   | Place    | Note
-------+----------+-------------------------------------------
     0 | D:1      | miragecloak the Octopode Transmuter began the quest for the Orb.
     0 | D:1      | Reached XP level 1. HP: 13/13 MP: 3/3
   157 | D:1      | Reached XP level 2. HP: 18/18 MP: 5/5
   369 | D:1      | Reached skill level 3 in Transmutations
   814 | D:2      | Noticed Jessica
   821 | D:2      | Killed Jessica
   821 | D:2      | Reached XP level 3. HP: 23/23 MP: 3/6
   883 | D:2      | Reached skill level 4 in Transmutations
   930 | D:2      | Learned a level 3 spell: Spider Form
  1020 | D:2      | Noticed Terence
  1028 | D:2      | Killed Terence
  1028 | D:2      | Reached XP level 4. HP: 28/28 MP: 3/7
  1353 | D:2      | Noticed Natasha
  1359 | D:2      | Killed Natasha
  1394 | D:2      | Noticed Natasha
  1403 | D:2      | Slain by Natasha

Skill      XL: |  1  2  3  4 |
---------------+-------------+-----
Transmutations | 3 4 |  4.0
Poison Magic   | 2 3 |  3.1
Fighting       | |  1.0
Dodging        | |  2.0
Unarmed Combat | |  3.0
Spellcasting   | |  2.0

Action                   |  1- 3 |  4- 6 || total
-------------------------+-------+-------++-------
Melee: Unarmed           |    60 |    17 ||    77
       Tentacles         |     7 |       ||     7
       Constrict         |    18 |       ||    18
       Kick              |    11 |       ||    11
 Cast: Beastly Appendage |    20 |       ||    20
       Spider Form       |     1 |     6 ||     7
 Stab: Sleeping          |     4 |       ||     4
  Eat: Chunk             |       |     2 ||     2
Armor: Skin              |     5 |       ||     5
Dodge: Dodged            |    39 |    13 ||    52
